 Dungeon Crawl Stone Soup version 0.28.0-53-g5a82cb258f (webtiles) character file.

Game seed: 12378760977170822521

54 Zeld the Magician (level 3, -5/19 HPs)
             Began as a Deep Elf Fire Elementalist on May 22, 2022.
             Killed by divine providence
             ... invoked by an orc priest
              (16 damage)
             ... on level 2 of the Dungeon.
             The game lasted 00:01:21 (1644 turns).

Zeld the Magician (Deep Elf Fire Elementalist)      Turns: 1644, Time: 00:01:21

Health: -5/19      AC:  3    Str:  5    XL:     3   Next: 66%
Magic:  2/10       EV: 13    Int: 21    God:
Gold:   115        SH:  0    Dex: 15    Spells: 7/10 levels left

rFire   . . .      SeeInvis .   (no weapon)
rCold   . . .      Faith    .   (no shield)
rNeg    . . .      Spirit   .   a - +0 robe
rPois   .          Reflect  .   (no helmet)
rElec   .          Harm     .   c - +0 cloak
rCorr   .          Rampage  .   (no gloves)
Will    .....                   (no boots)
Stlth   ++........              (no amulet)
HPRegen 0.06/turn               (no ring)
MPRegen 0.12/turn               (no ring)

@: no status effects
A: no striking features
a: no special abilities


You were on level 2 of the Dungeon.
You visited 1 branch of the dungeon, and saw 2 of its levels.

You collected 115 gold pieces.

Inventory:

Armour
 a - a +0 robe (worn)
 c - a +0 cloak (worn)
Scrolls
 d - 2 scrolls of teleportation {unknown}
 f - a scroll of identify {unknown}
 g - a scroll of enchant weapon {unknown}
 h - a scroll of amnesia {unknown}
Potions
 b - a potion of haste {unknown}
 e - a potion of flight {unknown}


   Skills:
 + Level 3.0 Dodging
 - Level 2.4 Stealth
 * Level 4.0 Spellcasting
 + Level 1.7 Conjurations
 * Level 4.0 Fire Magic


You had 7 spell levels left.
You knew the following spells:

 Your Spells              Type           Power      Damage    Failure   Level
a - Foxfire               Conj/Fire      64%        2x1d7     3%          1
b - Scorch                Fire           42%        2d7       3%          2

Your spell library contained the following spells:

 Spells                   Type           Power      Damage    Failure   Level
 Conjure Flame            Conj/Fire      16%        6-21      11%         3
 Inner Flame              Hex/Fire       12%        N/A       16%         3
 Flame Wave               Conj/Fire      16%        2d6       36%         4


Dungeon Overview and Level Annotations

Branches:
Dungeon (2/15)

Altars:


Message History

You don't know that spell.
Casting: Scorch (safe; 4% risk of failure)
Confirm with . or Enter, or press ? or * to list all spells.
Flames lash the orc priest.
The orc priest is moderately wounded.
The orc priest's fire resistance burns away.
You hear a shout!
The orc priest invokes the aid of Beogh against you.
Pain shoots through your body!
Casting: Scorch (safe; 4% risk of failure)
Confirm with . or Enter, or press ? or * to list all spells.
Flames lash the orc priest but do no damage.
Unknown command.
Casting: Scorch (safe; 4% risk of failure)
Confirm with . or Enter, or press ? or * to list all spells.
Flames lash the orc.
You kill the orc!
The orc priest hits you with a +0 club.
Unknown command.
Casting: Scorch (safe; 4% risk of failure)
Confirm with . or Enter, or press ? or * to list all spells.
Flames lash the orc priest.
The orc priest is burned terribly!
You kill the orc priest!
Your Dodging skill increases to level 3!
Your Spellcasting skill increases to level 4!
Your Fire Magic skill increases to level 4!
You have reached level 3!
Your experience leads to an increase in your attributes!
Increase (S)trength, (I)ntelligence, or (D)exterity?
You feel clever. x2
The orc hits you with a +0 short sword.
You see here a +0 ring mail.
The orc wizard mumbles some strange words.
The orc wizard flickers and vanishes!
Deactivating autopickup; reactivate with Ctrl-A.
Found 11 gold pieces.
The orc priest invokes the aid of Beogh against you.
Beogh smites you!
Ouch! That really hurt!
You die...

...#.# #..#......... ...#.#
##.##..##..##
...#.#######..##.##.#####
...#....)........o.......
.....########...........#
...#.# ##..o.......# ####.#
#...o......# #.#
##.........# #.#
#.@.......# #.# #.....#####
#.# ####)..##...## #.#
#.....##8.<.8## #.#
#.##.##.......# #.#
#.##.##.>.8.<.#
####'########.##.##.......#
............#.##'###8...8##
...................##...##


You could see an orc priest and 2 orcs.

Vanquished Creatures
  An orc priest (D:2)
  A worm (D:2)
  An orc (D:2)
  2 ball pythons
  3 endoplasms
  A goblin (D:1)
  4 hobgoblins
  A bat (D:2)
  2 frilled lizards (D:1)
  3 kobolds
  2 rats (D:1)
21 creatures vanquished.

Vanquished Creatures (others)
  74 foxfires
74 creatures vanquished.

Grand Total: 95 creatures vanquished

Notes
Turn   | Place    | Note
-------+----------+-------------------------------------------
     0 | D:1      | Zeld the Deep Elf Fire Elementalist began the quest for the
                  | Orb.
     0 | D:1      | Reached XP level 1. HP: 10/10 MP: 6/6
   620 | D:1      | Reached XP level 2. HP: 15/15 MP: 5/8
   782 | D:1      | Learned a level 2 spell: Scorch
  1177 | D:2      | Identified the +4 scale mail of Aggitu {rPois rN+ rCorr}
  1448 | D:2      | Found a faded altar of an unknown god.
  1628 | D:2      | Reached XP level 3. HP: 14/19 MP: 0/10
  1644 | D:2      | Killed from afar by an orc priest

Illustrated notes

Levels and vault maps discovered:
D:1:      roderic_octagonal_star, layout_basic, minmay_split_cup_small
D:2:      cheibrodos_pilgrimage, layout_basic, shapermc_ecumenical_altar_ellora,
          grunt_ministairs_7, kennysheep_jessica_study

Skill      XL: |  1  2 |
---------------+-------+-----
Dodging        | 3 |  3.0
Spellcasting   | 4 |  4.0
Fire Magic     | 4 |  4.0
Stealth        | |  2.4
Conjurations   | |  1.7

Action                   || total
-------------------------++-------
Melee: Unarmed           ||     6
 Cast: Foxfire           ||    44
       Scorch            ||     9
 Stab: Sleeping          ||     1
Armor: Robe              ||     1
Dodge: Dodged            ||    12
